 Dungeon Crawl Stone Soup version 0.25.0-9-g26727b657a (webtiles) character file.

Game seed: 11066274240017579369

90 mopl the Stinger (level 4, -1/27 HPs)
             Began as an Octopode Venom Mage on June 17, 2020.
             Slain by Natasha (9 damage)
             ... on level 2 of the Dungeon.
             The game lasted 00:01:42 (1250 turns).

mopl the Stinger (Octopode Venom Mage)              Turns: 1250, Time: 00:01:43

Health: -1/27      AC:  1    Str:  7    XL:     4   Next: 56%
Magic:  2/8        EV: 13    Int: 18    God:
Gold:   68         SH:  0    Dex: 12    Spells: 2/8 levels left

rFire    . . .     SeeInvis .   a - +0 dagger
rCold    . . .     Gourm    .   (no shield)
rNeg     . . .     Faith    .   (helmet restricted)
rPois    .         Spirit   .   (no amulet)
rElec    .         Reflect  .   (no ring)
rCorr    .         Harm     .   (no ring)
MR       .....                  (no ring)
Stlth    +++.......             (no ring)
HPRegen  0.09/turn              (no ring)
MPRegen  0.11/turn              (no ring)
                                (no ring)
                                (no ring)

@: no status effects
A: almost no armour, stealthy swim, amphibious, 8 rings, constrict 8, camouflage
1, gelatinous body 1
a: no special abilities


You were on level 2 of the Dungeon.
You were not hungry.

You visited 1 branch of the dungeon, and saw 2 of its levels.

You collected 68 gold pieces.

Inventory:

Hand Weapons
 a - a +0 dagger (weapon)
Scrolls
 d - a scroll of identify {unknown}
 e - a scroll of remove curse {unknown}
 f - a scroll of fear {unknown}
 h - a scroll of fog {unknown}
 i - 2 scrolls of enchant weapon {unknown}
 j - 3 scrolls of amnesia {unknown}
 k - a scroll of immolation {unknown}
Potions
 g - a potion of might {unknown}
 l - 3 potions of curing {unknown}
 m - a potion of lignification {unknown}
 n - a potion of haste {unknown}
 o - a potion of brilliance {unknown}
Comestibles
 b - 3 rations
 c - a chunk of flesh


   Skills:
 - Level 2.0 Dodging
 - Level 2.6 Stealth
 * Level 2.9 Spellcasting
 + Level 1.8 Transmutations
 + Level 0.7 Fire Magic
 + Level 1.1 Air Magic
 * Level 4.6 Poison Magic


You had 2 spell levels left.
You knew the following spells:

 Your Spells              Type           Power        Failure   Level  Hunger
a - Sting                 Tmut/Pois      ##..         4%          1    None
b - Poisonous Vapours     Pois/Air       ##....       8%          2    ##.....
g - Ignite Poison         Fire/Tmut/Pois ##......     19%         3    ###....

Your spell library contained the following spells:

 Spells                   Type           Power        Failure   Level  Hunger
 Mephitic Cloud           Conj/Pois/Air  #.......     22%         3    ###....
 Olgreb's Toxic Radiance  Pois           ###.....     24%         4    ####...


Dungeon Overview and Level Annotations

Branches:
Dungeon (2/15)

Altars:

Annotations:
D:2 Natasha


Innate Abilities, Weirdness & Mutations

You cannot wear most types of armour.
You are very stealthy in the water. (Stealth+)
You are amphibious.
You can wear up to eight rings at the same time.
You can use your tentacles to constrict eight enemies at once.
Your skin changes colour to match your surroundings (Stealth+).
Your rubbery body absorbs attacks. (AC +1, EV +1)


Message History

Natasha is too close now for your liking.
Casting: Poisonous Vapours (safe; 8% risk of failure)
Confirm with . or Enter, or press ? or * to list all spells.
Aiming: Poisonous Vapours (safe; 8% risk of failure)
Press: ? - help, Dir - move target cursor, f - Natasha
Aim: Natasha Poisonous vapours surround Natasha!
Natasha is engulfed in poison gas.
Natasha is poisoned.
Natasha hisses.
Natasha casts a spell at you. The magic dart hits you! Natasha misses you.
You closely miss Natasha. Your grab misses Natasha.
Natasha is heavily wounded.
Natasha claws you.
* * * LOW HITPOINT WARNING * * *
You barely miss Natasha. You grab Natasha.
Natasha is heavily wounded.
You constrict Natasha. Natasha claws you!
You die...

#...........#.#.........# #.#
###.....#####.#.........# #.#
........# #.#......$..# #.#
.#......# #.#.....#.##..#.#
#......# #..#..#...##..#.#
#......# #.##....#.##.....
.#......# #.##..#...##..#.#
........#####h###...#.##..#.#
.#######....@.# .#...##..#..
#.####.# ...#.##..#..
#.####+###.#....#.....
#............#........
#..........#...##...[.
...................#.....###
##.#.#####......##.........#
.. ......#.####...##+#.# #.
###.#.#.###.........#


You could see Natasha (poisoned).

Vanquished Creatures
  Natasha (twice) (D:2)
  A worm (D:2)
  2 dart slugs (D:1)
  2 leopard geckos (D:1)
  2 giant cockroaches (D:1)
  5 goblins
  5 hobgoblins (D:1)
  4 bats (D:1)
  4 frilled lizards (D:1)
  A kobold (D:1)
  2 rats (D:1)
30 creatures vanquished.

Notes
Turn   | Place    | Note
-------+----------+-------------------------------------------
     0 | D:1      | mopl the Octopode Venom Mage began the quest for the Orb.
     0 | D:1      | Reached XP level 1. HP: 11/11 MP: 3/3
   101 | D:1      | Reached XP level 2. HP: 13/17 MP: 5/5
   105 | D:1      | Learned a level 2 spell: Poisonous Vapours
   137 | D:1      | Reached skill level 4 in Poison Magic
   581 | D:1      | Reached XP level 3. HP: 18/21 MP: 6/6
   586 | D:1      | Learned a level 3 spell: Ignite Poison
   992 | D:2      | Noticed Natasha
  1002 | D:2      | Killed Natasha
  1002 | D:2      | Reached XP level 4. HP: 16/27 MP: 4/8
  1205 | D:2      | Noticed Natasha
  1219 | D:2      | Killed Natasha
  1219 | D:2      | Reached skill level 1 in Air Magic
  1221 | D:2      | Noticed Natasha
  1250 | D:2      | Slain by Natasha

Illustrated notes

Levels and vault maps discovered:
D:1:      dpeg_arrival_boxes_within_box, layout_loops_ring
D:2:      layout_basic, serial_glass, glass_columns_b, glass_columns_a,
          minmay_misc_feat_pillars, uniq_natasha

Skill      XL: |  1  2  3  4 |
---------------+-------------+-----
Poison Magic   | 4 |  4.6
Air Magic      | 1 |  1.1
Dodging        | |  2.0
Stealth        | |  2.6
Spellcasting   | |  2.9
Transmutations | |  1.8
Fire Magic     | |  0.7

Action                   |  1- 3 |  4- 6 || total
-------------------------+-------+-------++-------
Melee: Dagger            |    52 |     7 ||    59
       Unarmed           |     6 |       ||     6
       Constrict         |    13 |     2 ||    15
       Tentacles         |     9 |       ||     9
 Cast: Poisonous Vapours |     1 |     5 ||     6
       Sting             |       |     2 ||     2
 Stab: Sleeping          |    13 |       ||    13
       Distracted        |       |     1 ||     1
  Eat: Chunk             |       |     1 ||     1
Armor: Skin              |     2 |       ||     2
Dodge: Dodged            |    25 |     6 ||    31
